 Dungeon Crawl Stone Soup version 0.19.0-19-g8c6edcc (webtiles) character file.

111 Jannitor the Vexing (level 4, -4/30 HPs)
             Began as a Demonspawn Enchanter on Nov 14, 2016.
             Splashed by a jelly's acid (5 damage)
             ... on level 3 of the Dungeon.
             The game lasted 00:06:14 (2807 turns).

Jannitor the Vexing (Demonspawn Enchanter)          Turns: 2807, Time: 00:06:18

Health: -4/30      AC:  5    Str:  7 (8)  XL:     4   Next: 62%
Magic:  4/7        EV: 13    Int: 14 (17) God:
Gold:   53         SH:  0    Dex: 13 (14) Spells: 2 memorised, 4 levels left

rFire  . . .     SeeInvis .     a - +1 dagger
rCold  . . .     Gourm    .     b - +2 robe
rNeg   . . .     Faith    .     (no shield)
rPois  .         Spirit   .     j - +0 helmet
rElec  .         Reflect  .     (no cloak)
rCorr  .         Harm     .     (no gloves)
MR     .....                    (no boots)
Stlth  ++........               (no amulet)
                                (no ring)
                                (no ring)

@: no status effects
A: claws 1, blink, deterioration 1, evolution 1
a: Blink


You were on level 3 of the Dungeon.
You were not hungry.

You visited 1 branch of the dungeon, and saw 3 of its levels.

You collected 53 gold pieces.

Inventory:

Hand Weapons
 a - a +1 dagger (weapon)
Armour
 b - a +2 robe (worn)
 j - a +0 helmet (worn)
Jewellery
 e - an uncursed ring of poison resistance
Wands
 f - a wand of flame (33/48)
Scrolls
 i - a scroll of amnesia {unknown}
 m - a scroll of remove curse {unknown}
Books
 c - a book of Maledictions

   Spells                             Type                      Level
   a - Corona                         Hexes                        1
   b - Ensorcelled Hibernation        Hexes/Ice                    2
   c - Confuse                        Hexes                        3
   d - Tukima's Dance                 Hexes                        3
   e - Dazzling Spray                 Conjuration/Hexes            3
Comestibles
 d - a bread ration
 g - 2 beef jerkies
 h - a meat ration


   Skills:
 + Level 2.0 Short Blades
 + Level 2.8 Dodging
 + Level 3.4 Stealth
 - Level 2.0 Spellcasting
 + Level 3.7 Hexes


You had 4 spell levels left.
You knew the following spells:

 Your Spells              Type           Power        Failure   Level  Hunger
a - Corona                Hex            ##.....      6%          1    ##.....
b - Ensorcelled Hibernat  Hex/Ice        #.....       21%         2    ###....


Dungeon Overview and Level Annotations

Branches:
Dungeon (3/15)

Altars:
Cheibriados
Kikubaaqudgha
Nemelex Xobeh


Innate Abilities, Weirdness & Mutations

You have sharp fingernails.
You can translocate small distances at will.
Your body sometimes deteriorates upon taking damage.
You evolve.


Message History

It was a potion of mutation.
You feel extremely strange.
You feel jittery.
You feel yourself wasting away.
You feel nature experimenting on you.
Don't worry, failures die fast.
The kobold barely misses you.
It was a potion of degeneration.
There was something very wrong with that liquid.
You feel weakened.
You feel dopey.
You feel clumsy. The kobold closely misses you.
It was a potion of might.
You feel very mighty all of a sudden. The kobold barely misses you.
Unknown command.
It was a potion of cancellation.
Your magical effects are unravelling.
You feel magically purged.
You feel a little less mighty now. The jelly hits you.
* * * LOW HITPOINT WARNING * * *
You are splashed with acid!
The acid burns!
You die...

######..........#
#...####...#
###........##
#.....####.#
#.###.####.## #.
#...##..
#.###.#.##.#
......#.##c######
##....@JK(....#
#.##.###(....#
......Jc(.....#
..##.#.$(##...$.#
. #.#...##.....#
.....########
.##.#.# !. .#


You could see a centaur, a jelly and a kobold.

Vanquished Creatures
  4 adders (D:2)
  3 worms (D:2)
  3 dart slugs
  3 leopard geckos (D:1)
  3 bats
  2 giant cockroaches
  7 goblins
  8 hobgoblins
  6 jackals
  A quokka (D:2)
  2 frilled lizards
  6 kobolds
  5 rats
53 creatures vanquished.

Notes
Turn   | Place    | Note
-------+----------+-------------------------------------------
     0 | D:1      | Jannitor the Demonspawn Enchanter began the quest for the Orb.
     0 | D:1      | Reached XP level 1. HP: 13/13 MP: 3/3
   121 | D:1      | Reached skill level 1 in Short Blades
   517 | D:1      | Gained mutation: You have sharp fingernails. [demonic ancestry]
   517 | D:1      | Reached XP level 2. HP: 8/19 MP: 5/5
   723 | D:1      | Learned a level 2 spell: Ensorcelled Hibernation
  1562 | D:1      | Reached XP level 3. HP: 24/24 MP: 1/6
  1834 | D:2      | Found a sparkling altar of Nemelex Xobeh.
  1849 | D:2      | Found a snail-covered altar of Cheibriados.
  1850 | D:2      | Found an ancient bone altar of Kikubaaqudgha.
  2260 | D:2      | Reached XP level 4. HP: 26/30 MP: 4/7
  2794 | D:3      | Noticed a centaur
  2803 | D:3      | Gained mutation: You can translocate small distances at will. [potion of mutation]
  2803 | D:3      | Gained mutation: Your body sometimes deteriorates upon taking damage. [potion of mutation]
  2803 | D:3      | Gained mutation: You evolve. [potion of mutation]
  2807 | D:3      | HP: 1/30 [jelly (2)]
  2807 | D:3      | Splashed by a jelly's acid

Skill      XL: |  1  2  3  4 |
---------------+-------------+-----
Short Blades   | 1 2 |  2.0
Dodging        | 2 |  2.8
Stealth        | 3 |  3.4
Spellcasting   | |  2.0
Hexes          | |  3.7

Action                   |  1- 3 |  4- 6 || total
-------------------------+-------+-------++-------
Melee: Dagger            |   184 |    54 ||   238
 Cast: Ensorcelled Hiber |    19 |     7 ||    26
  Use: Scroll            |     3 |       ||     3
       Potion            |       |     4 ||     4
 Stab: Sleeping          |    20 |     7 ||    27
  Eat: Chunk             |     6 |     2 ||     8
Armor: Robe              |    50 |    13 ||    63
Dodge: Dodged            |   137 |    31 ||   168
